 Dungeon Crawl Stone Soup version 0.32-a0-599-gba8f9cf90e (webtiles) character file.

Game seed: 6120048803414948887

59017 CougarLife the Earth Mage (level 14, -2/82 HPs)
             Began as a Gargoyle Earth Elementalist on Mar 2, 2024.
             Was a High Priest of Vehumet.
             Engulfed by a cloud of flame (17 damage)
             ... on level 5 of the Lair of Beasts.
             The game lasted 00:35:07 (22728 turns).

CougarLife the Earth Mage (GrEE)                   Turns: 22728, Time: 00:35:08

Health: -2/82      AC: 34    Str: 14    XL:     14   Next: 93%
Magic:  20/31      EV: 11    Int: 19    God:    Vehumet [*****.]
Gold:   1097       SH:  0    Dex: 10    Spells: 19/39 levels left

rFire   . . .        L - +2 dagger (venom)
rCold   + . .        (no shield)
rNeg    + + .        G - +6 acid dragon scales
rPois   ∞            S - +2 helmet
rElec   +            a - +2 cloak
rCorr   +            n - +0 pair of gloves
SInv    +            k - +0 pair of boots
Will    +....        (no amulet)
Stlth   +            o - +4 ring of protection
HPRegen 0.33/turn    D - ring "Zeupadoi" {rElec rC+ rN+ SInv}
MPRegen 0.22/turn

%: no passive effects
@: confused, ambrosia-drunk, flying, very slightly contaminated, studying
Unarmed Combat
A: sickness immunity, AC +10, big wings, negative energy resistance 1,
electricity resistance, torment resistance 1, petrification resistance
a: Renounce Religion


You were on level 5 of the Lair of Beasts.
You worshipped Vehumet.
Vehumet was extremely pleased with you.
You visited 3 branches of the dungeon, and saw 18 of its levels.
You also visited: Sewer and Ice Cave.

You collected 1097 gold pieces.

Inventory:

Hand Weapons
 L - a +2 dagger of venom (weapon)
Armour
 a - a +2 cloak (worn)
 k - a +0 pair of boots (worn)
 n - a +0 pair of gloves (worn)
 G - +6 acid dragon scales (worn)
 R - a +2 robe of resistance
 S - a +2 helmet (worn)
Jewellery
 d - a ring of willpower
 o - a +4 ring of protection (left hand)
 D - the ring "Zeupadoi" (right hand) {rElec rC+ rN+ SInv}
   (You found it on level 7 of the Dungeon)

   [ring of protection from cold]

   rC+:       It protects you from cold.
   rElec:     It insulates you from electricity.
   rN+:       It protects you from negative energy.
   SInv:      It lets you see invisible.
 F - a ring of fire
 I - a ring of fire
Wands
 b - a wand of warping (26)
 B - a wand of paralysis (36)
 E - a wand of flame (28)
 H - a wand of mindburst (5)
 P - a wand of polymorph (8)
Scrolls
 c - 2 scrolls of acquirement {unknown}
 e - 4 scrolls of torment
 h - 4 scrolls of amnesia
 l - a scroll of immolation {unknown}
 p - 2 scrolls of blinking
 q - a scroll of fog {unknown}
 r - a scroll of enchant weapon {unknown}
 s - a scroll of brand weapon {unknown}
 u - 2 scrolls of revelation
 x - 7 scrolls of vulnerability
 y - 6 scrolls of teleportation
 A - a scroll of noise {unknown}
 K - a scroll of butterflies {unknown}
 N - 2 scrolls of identify
 O - 2 scrolls of fear {unknown}
Potions
 g - 5 potions of mutation
 i - 9 potions of curing
 j - 8 potions of lignification
 m - 2 potions of haste
 t - 3 potions of heal wounds
 v - 3 potions of resistance
 w - 4 potions of attraction
 z - 3 potions of enlightenment
 C - a potion of degeneration {unknown}
 M - 3 potions of cancellation {unknown}
 Q - 2 potions of brilliance {unknown}


   Skills:
 + Level 7.2 Fighting
 - Level 1.5 Dodging
 - Level 2.1 Stealth
 + Level 13.2 Spellcasting
 + Level 15.2 Conjurations
 + Level 6.6 Fire Magic
 + Level 3.5 Air Magic
 - Level 16.0 Earth Magic


You had 19 spell levels left.
You knew the following spells:

 Your Spells              Type           Power      Damage    Failure   Level
a - Sandblast             Erth           100%       2d20      0%          1
b - Stone Arrow           Conj/Erth      100%       3d13      1%          3
c - Arcjolt               Conj/Air       24%        1d34      1%          5
d - Lee's Rapid Deconstr  Erth           32%        3d17*     1%          5
e - Starburst             Conj/Fire      26%        6d8       4%          6

Your spell library contained the following spells:

 Spells                   Type           Power      Damage    Failure   Level
 Flame Wave               Conj/Fire      52%        2d13      1%          4
 Passwall                 Erth           65%        N/A       1%          3
 Volatile Blastmotes      Fire/Tloc      50%        2d14      1%          3
 Brom's Barrelling Bould  Conj/Erth      64%        2d8       1%          4
 Fulminant Prism          Conj/Alch      20%        3d12      1%          4
 Iskenderun's Mystic Bla  Conj/Tloc      41%        2d9       1%          4
 Bombard                  Conj/Erth      32%        9d6       1%          6
 Animate Armour           Summ/Erth      84%        N/A       3%          4
 Petrify                  Alch/Erth      42%        N/A       3%          4
 Slow                     Hex            48%        N/A       8%          1
 Confusing Touch          Hex            12%        N/A       24%         3
 Fugue of the Fallen      Necr           12%        N/A       24%         3
 Sigil of Binding         Hex            12%        N/A       24%         3
 Vampiric Draining        Necr           12%        2d6       24%         3
 Plasma Beam              Fire/Air       16%        2x1d27    34%         6
 Summon Lightning Spire   Summ/Air       19%        N/A       36%         4
 Vhi's Electric Charge    Tloc/Air       38%        N/A       36%         4
 Animate Dead             Necr           12%        N/A       61%         4
 Sculpt Simulacrum        Ice/Alch       6%         N/A       100%        6
 Ozocubu's Refrigeration  Ice            6%         4d8       100%        7
 Maxwell's Capacitive Co  Air            13%        ∞         100%        8
 Polar Vortex             Ice            6%         N/A       100%        9


Dungeon Overview and Level Annotations

Branches:
Dungeon (12/15)            Temple (1/1) D:5            Lair (5/5) D:11
 Shoals (0/4) Lair:3        Snake (0/4) Lair:3        Slime (0/5) Lair:4
    Orc (0/2) D:10          Sewer (visited)           IceCv (visited)

Altars:
Ashenzari
Cheibriados
Dithmenos
Elyvilon
Fedhas
Gozag
Hepliaklqana
Kikubaaqudgha
Makhleb
Nemelex Xobeh
Okawaru
Qazlal
Ru
Sif Muna
Trog
Uskayaw
Vehumet
Wu Jian
Xom
Yredelemnul
Zin
The Shining One
Jiyva

Shops:
D:2 :[(=   D:6 :

Annotations:
D:8 2 runed translucent doors, DeathSocks's ghost, novice DEEE


Innate Abilities, Weirdness & Mutations

You are immune to sickness and miasma.
Your stone body is resilient. (AC +10)
You are immune to poison.
Your large and strong wings let you fly.
You resist negative energy. (rN+)
You are resistant to electric shocks. (rElec)
You are resistant to unholy torment.
You are immune to petrification.


Message History

The forest fire spreads! x2
You're too confused to cast spells.
Unknown command.
You bump into the rock wall.
You are engulfed in blazing flames.
* * * LOW HITPOINT WARNING * * *
The small abomination is engulfed in a forest fire.
You destroy the small abomination!
Vehumet accepts your kill.
You feel your power returning.
The blink frog blinks!
The brown ugly thing is engulfed in blazing flames.
The brown ugly thing closely misses you.
The smoke demon hits you but does no damage.
The smoke demon misses you.
The smoke demon hits you but does no damage.
The smoke demon is engulfed in blazing flames.
The large abomination is engulfed in blazing flames.
The forest fire spreads!
You bump into the rock wall.
You are engulfed in blazing flames.
The blink frog blinks!
The brown ugly thing is engulfed in blazing flames.
The brown ugly thing trunk-slaps you but does no damage.
The smoke demon hits you but does no damage.
The smoke demon barely misses you.
The smoke demon hits you but does no damage.
The large abomination is engulfed in a forest fire.
The smoke demon barely misses you.
The smoke demon hits you but does no damage.
The smoke demon barely misses you.
You're too confused to move!
You are engulfed in blazing flames.
The brown ugly thing is engulfed in blazing flames.
The brown ugly thing barely misses you.
The smoke demon hits you but does no damage. x3
The smoke demon closely misses you.
The smoke demon hits you but does no damage. x2
The forest fire spreads!
You hit the smoke demon but do no damage.
The smoke demon is poisoned.
The smoke demon is moderately wounded.
You are engulfed in blazing flames.
You die...

,,,,,,,,* #..# **,,**,,,*,,,,,
,****,,** ##.## *,,***,,****,,,
,* **** ##..## *****,*,* **,, ,**
##...÷# ***** **, ,,* ♣....)## **
,,* ***♣.♣.....## ***, ,,*
**,,♣♣.......# *,,,
,,***,,,,♣.....33### **,,
,,,*,,**......§u@..# **,,
,,,,,**♣♣....♣°X☼☼.# ****,,,
,,*,,,* ♣♣♣.§F§§§☼.# *,,,,,,
,***,** ♣♣§§§♣§☼## *,,,,,,
,**,,,* *♣§§§§§§♣ **,,,,,,
,**,,,* ♣....§.♣♣** *,,,,,,.
****,,** ♣.♣.,.§§*,* *,,,,,,. **
**,,* ♣.....♣♣*,*** *,,,,.,,
,****,******,,,,**,,,,****,,,,..#


You could see a brown ugly thing, a large abomination, 2 smoke demons and a
blink frog.

Vanquished Creatures
  A frost giant (IceCv)
  The ghost of Haablaqi the Basher, a journeyman MiMo of Yredelemnul (D:11)
  Fannar (D:10)
  Erolcha (D:11)
  2 hydras
  A catoblepas (Lair:2)
  3 boulder beetles
  16 death yaks
  2 two-headed ogres
  Nergalle (D:11)
  A thrashing horror (Lair:4)
  A skyshark (Lair:4)
  Amaemon (Lair:2)
  2 ugly things
  A large abomination (Lair:5)
  Maurice (D:11)
  A cane toad (shapeshifter) (Lair:4)
  An ice statue (IceCv)
  6 black mambas
  7 cane toads
  2 unseen horror zombies (D:9)
  Jeremiah (Lair:1)
  An unseen horror (D:10)
  An orange demon (Lair:2)
  3 rime drakes
  2 komodo dragons
  A queen bee (D:11)
  A troll (D:9)
  13 polar bears
  Grinder (D:3)
  2 hornets (D:11)
  32 blink frogs
  7 dream sheep (Lair:5)
  A snapping turtle (Lair:3)
  Sigmund (D:3)
  3 slime creatures (D:11)
  A vampire (D:11)
  3 shadows
  3 spriggans
  A ynoxinul (Lair:5)
  A water elemental (Lair:3)
  7 wyverns
  5 basilisks
  2 steam dragons
  55 yaks
  A two-headed ogre zombie (D:10)
  17 water moccasins
  2 acid dragons
  A hornet zombie (D:9)
  2 orc warriors
  2 ice beasts (D:7)
  5 black bears
  An ogre (D:4)
  23 wolves
  5 centaurs
  A phantom (D:10)
  2 brain worms (Sewer)
  A scorpion (D:6)
  12 bullfrogs
  A small abomination (Lair:5)
  8 wights
  5 killer bees (D:11)
  2 howler monkeys
  3 electric eels
  4 bombardier beetles
  3 jellies
  9 hounds
  5 orc priests
  2 sleepcaps
  A gnoll bouda (D:7)
  Crazy Yiuf (D:2)
  A centaur zombie (D:9)
  Jessica (D:2)
  An iguana (D:6)
  11 orc wizards
  A hell rat (Lair:1)
  6 ogre zombies (D:10)
  5 howler monkey zombies (D:9)
  3 gnolls (D:7)
  7 adders
  5 river rats (Sewer)
  A shadow imp (D:5)
  2 ufetubi (D:4)
  A dart slug (D:1)
  6 ribbon worms
  46 orcs
  11 ball pythons
  7 bats
  5 endoplasms
  2 giant cockroaches
  5 gnoll zombies (D:10)
  5 goblins
  5 hobgoblins
  4 jackals
  14 kobolds
  7 quokkas
  10 frilled lizards
  A gnoll skeleton (D:10)
  3 orc skeletons (D:10)
  15 orc zombies (D:10)
  10 rats
521 creatures vanquished.

Vanquished Creatures (others)
  2 polar bears (IceCv)
  A yak (IceCv)
3 creatures vanquished.

Grand Total: 524 creatures vanquished

Notes
Turn   | Place    | Note
-------+----------+-------------------------------------------
     0 | D:1      | CougarLife the Gargoyle Earth Elementalist began the quest
                  | for the Orb.
     0 | D:1      | Reached XP level 1. HP: 10/10 MP: 3/3
   292 | D:1      | Reached XP level 2. HP: 15/15 MP: 3/5
   421 | D:1      | Reached skill level 4 in Earth Magic
   674 | D:1      | Reached XP level 3. HP: 19/19 MP: 4/6
  1447 | D:2      | Found Syuth's Weapon Boutique.
  1617 | D:2      | Reached XP level 4. HP: 24/24 MP: 5/8
  1785 | D:2      | Found Jailag's Book Emporium.
  1898 | D:2      | Found Rexayg's Antique Armour Boutique.
  1937 | D:2      | Found a runed translucent door.
  1938 | D:2      | Noticed Crazy Yiuf
  2117 | D:2      | Found Uhusimn's Jewellery Emporium.
  2117 | D:2      | Noticed Jessica
  2122 | D:2      | Killed Jessica
  2455 | D:2      | Learned a level 3 spell: Stone Arrow
  2458 | D:2      | Killed Crazy Yiuf
  2459 | D:2      | Reached XP level 5. HP: 28/28 MP: 1/9
  2518 | D:3      | Found a glowing silver altar of Zin.
  2599 | D:3      | Noticed Sigmund
  2607 | D:3      | Killed Sigmund
  2608 | D:3      | Reached skill level 5 in Earth Magic
  2608 | D:3      | Reached XP level 6. HP: 21/32 MP: 3/11
  2790 | D:3      | Found a glowing drain.
  2801 | Sewer    | Entered a sewer
  3002 | Sewer    | Reached skill level 6 in Earth Magic
  3073 | Sewer    | Reached XP level 7. HP: 36/36 MP: 10/13
  3465 | D:3      | Noticed Grinder
  3481 | D:3      | Killed Grinder
  3482 | D:3      | Reached skill level 5 in Conjurations
  3625 | D:3      | Found a stormy altar of Qazlal.
  4103 | D:4      | Reached skill level 5 in Spellcasting
  4103 | D:4      | Reached skill level 7 in Earth Magic
  4103 | D:4      | Reached XP level 8. HP: 41/41 MP: 5/15
  4236 | D:4      | Found a shimmering altar of Xom.
  4290 | D:4      | Found a sparkling altar of Nemelex Xobeh.
  4317 | D:4      | Found a glowing golden altar of the Shining One.
  4329 | D:4      | Found a snail-covered altar of Cheibriados.
  4450 | D:4      | Found a radiant altar of Vehumet.
  4457 | D:4      | Became a worshipper of Vehumet
  4898 | D:5      | Entered Level 5 of the Dungeon
  5017 | D:5      | Found a blossoming altar of Fedhas.
  5047 | D:5      | Found a staircase to the Ecumenical Temple.
  5070 | Temple   | Entered the Ecumenical Temple
  5122 | D:5      | Found an iron altar of Okawaru.
  5265 | D:5      | Found a shadowy altar of Dithmenos.
  5493 | D:5      | Reached skill level 8 in Earth Magic
  5953 | D:6      | Reached * piety under Vehumet
  5953 | D:6      | Offered knowledge of Sting by Vehumet.
  5954 | D:6      | Reached XP level 9. HP: 40/45 MP: 12/18
  6148 | D:5      | Reached skill level 9 in Earth Magic
  6471 | D:6      | Found Jine's Book Shoppe.
  6828 | D:7      | Offered knowledge of Static Discharge by Vehumet.
  6850 | D:7      | Reached ** piety under Vehumet
  7066 | D:7      | Found a burning altar of Makhleb.
  7128 | D:7      | Identified the ring "Zeupadoi" {rElec rC+ rN+ SInv}
  7555 | D:8      | Reached skill level 10 in Earth Magic
  7844 | D:8      | Found a broken altar of Ashenzari.
  7861 | D:8      | Found an opulent altar of Gozag.
  7896 | D:8      | Reached XP level 10. HP: 50/50 MP: 21/21
  8126 | D:8      | Found a large runed translucent door.
  8126 | D:8      | Noticed DeathSocks's ghost (novice DEEE)
  8127 | D:8      | Found a large runed translucent door.
  8334 | D:9      | Noticed a two-headed ogre
  8340 | D:9      | Killed a two-headed ogre
  8710 | D:9      | Reached skill level 11 in Earth Magic
  8805 | D:9      | Offered knowledge of Dazzling Flash by Vehumet.
  8814 | D:9      | Found a basalt altar of Yredelemnul.
  9343 | D:10     | Entered Level 10 of the Dungeon
  9597 | D:10     | Reached *** piety under Vehumet
  9667 | D:10     | Reached skill level 10 in Conjurations
  9838 | D:10     | Found an ornate altar of the Wu Jian Council.
  9868 | D:10     | Noticed a +0 short sword
  9883 | D:10     | Noticed a +0 spear
  9883 | D:10     | Noticed a +0 dagger
  9884 | D:10     | Noticed a +0 spear
  9884 | D:10     | Noticed a +0 short sword
  9885 | D:10     | Noticed a +0 falchion
  9885 | D:10     | Noticed a +0 falchion
  9885 | D:10     | Noticed a +0 dagger
  9982 | D:10     | Found a hide-covered altar of Uskayaw.
 10056 | D:10     | Offered knowledge of Hailstorm by Vehumet.
 10064 | D:10     | Reached XP level 11. HP: 36/54 MP: 19/24
 10071 | D:10     | Reached skill level 12 in Earth Magic
 10303 | D:10     | Learned a level 5 spell: Arcjolt
 10418 | D:10     | Reached **** piety under Vehumet
 10517 | D:10     | Found a staircase to the Orcish Mines.
 10519 | D:10     | Noticed Fannar
 10640 | D:10     | Killed Fannar
 10640 | D:10     | Offered knowledge of Frozen Ramparts by Vehumet.
 10849 | D:10     | Noticed a two-headed ogre
 10854 | D:10     | Killed a two-headed ogre
 11195 | D:11     | Noticed a boulder beetle
 11774 | D:11     | Killed a boulder beetle
 12137 | D:11     | Noticed Nergalle
 12265 | D:11     | Killed Nergalle
 12266 | D:11     | Reached skill level 10 in Spellcasting
 12483 | D:11     | Reached skill level 13 in Earth Magic
 12603 | D:11     | Found a staircase to the Lair.
 12612 | D:11     | Noticed a boulder beetle
 12811 | D:11     | Killed a boulder beetle
 12964 | D:11     | Noticed Erolcha
 13014 | D:11     | Killed Erolcha
 13015 | D:11     | Reached XP level 12. HP: 38/59 MP: 15/26
 13104 | D:11     | Noticed Haablaqi's ghost (journeyman MiMo)
 13110 | D:11     | Noticed Maurice
 13114 | D:11     | Killed Maurice
 13348 | D:11     | Found a transporter.
 13353 | D:11     | Found a transporter.
 13486 | D:11     | Killed Haablaqi's ghost
 13650 | D:11     | Learned a level 5 spell: Lee's Rapid Deconstruction
 13663 | Lair:1   | Entered Level 1 of the Lair of Beasts
 13682 | Lair:1   | Noticed an eight-headed hydra
 13688 | Lair:1   | Killed an eight-headed hydra
 13697 | Lair:1   | Reached skill level 14 in Earth Magic
 14177 | Lair:1   | Noticed Jeremiah
 14183 | Lair:1   | Killed Jeremiah
 15125 | Lair:2   | Reached ***** piety under Vehumet
 15125 | Lair:2   | Offered knowledge of Starburst by Vehumet.
 15357 | Lair:1   | Learned a level 6 spell: Starburst
 15492 | Lair:2   | Noticed Amaemon
 15509 | Lair:2   | Killed Amaemon
 15510 | Lair:2   | Reached skill level 15 in Earth Magic
 15510 | Lair:2   | Reached XP level 13. HP: 46/63 MP: 3/28
 15667 | Lair:2   | Reached skill level 1 in Fighting
 15807 | Lair:2   | Reached skill level 1 in Fire Magic
 16689 | Lair:3   | Found a staircase to the Shoals.
 17330 | Lair:2   | HP: 2/70 [death yak (11)]
 18093 | Lair:3   | Found a staircase to the Snake Pit.
 18721 | Lair:4   | Reached skill level 5 in Fighting
 18721 | Lair:4   | Gained mutation: Your large and strong wings let you fly.
                  | [Gargoyle growth]
 18721 | Lair:4   | Reached XP level 14. HP: 51/78 MP: 11/30
 18959 | Lair:4   | Reached skill level 16 in Earth Magic
 19444 | Lair:4   | Reached skill level 5 in Fire Magic
 19626 | Lair:4   | Found a viscous altar of Jiyva.
 19626 | Lair:4   | Found a staircase to the Slime Pits.
 19741 | Lair:4   | Reached skill level 1 in Air Magic
 19751 | Lair:5   | Entered Level 5 of the Lair of Beasts
 19830 | Lair:5   | Offered knowledge of Flame Wave by Vehumet.
 20222 | Lair:5   | Found a frozen archway.
 20224 | Lair:5   | Found a hide-covered altar of Uskayaw.
 20225 | Lair:5   | Found an ornate altar of the Wu Jian Council.
 20231 | IceCv    | Entered an ice cave
 21385 | IceCv    | Noticed a frost giant
 21422 | IceCv    | Reached skill level 15 in Conjurations
 21424 | IceCv    | Killed a frost giant
 21862 | IceCv    | Got the Codex of Postmortem Blasts
 22725 | Lair:5   | HP: 2/82 [cloud of flame (19)]
 22728 | Lair:5   | Engulfed by a cloud of flame

Illustrated notes

Levels and vault maps discovered:
D:1:      ncdulo_smallfort, layout_basic
D:2:      layout_basic, serial_shops, nicolae_shop_gaudy_bauble, shop, shop,
          shop, kennysheep_generic_room_4, uniq_crazy_yiuf_cottage, uniq_jessica
D:3:      layout_basic, lemuel_doored_altar, mainiacjoe_overflow_cross_hatched,
          cheibrodos_sewer_entry_bend, uniq_sigmund, uniq_grinder
D:4:      layout_cave_pools, kennysheep_mini, jmf_multi_god_temple2,
          mainiacjoe_overflow_24_doors, kennysheep_mini_moat
D:5:      layout_cave_pods, grunt_dithmenos_shadows,
          nicolae_overflow_hidden_temple, okawaru_ov_weapons_minmay,
          minmay_temple_entry_wispy, st_stairs_9, moated_statue
D:6:      layout_rooms, serial_shops, shop, serial_bayou_ford_a
D:7:      layout_loops_cross, general_overflow_altar
D:8:      layout_basic, mainiacjoe_overflow_chevrons, grunt_gozag_breadcrumbs,
          ebering_ghost_disaster_area
D:9:      layout_irregular_city, nicolae_yredelemnul_corpse_copse,
          minmay_misc_feat_tiny, amcnicky_mini_pool_small
D:10:     layout_rooms, nicolae_wu_jian_wuxing_cycle, nicolae_uskayaw_en_pointe,
          zombieorc2_lemuel, serial_bayou_pond_b, uniq_fannar
D:11:     layout_long_grid, david_lair_generic, gammafunk_ghost_hive,
          uniq_erolcha, uniq_maurice, uniq_nergalle
D:12:     layout_irregular_city, serial_shops, nicolae_diamond_shop,
          uniq_josephine
Temple:   nicolae_temple_stand_before_the_council
Lair:1:   layout_gridlike, grunt_forest_large_clearing_hut, uniq_jeremiah
Lair:2:   layout_cave_shapes, lemuel_fruit_fields, uniq_amaemon
Lair:3:   statuecave_lemuel, layout_regular_city, minmay_shoals_entry_hut,
          minmay_snake_entry_six_corridors
Lair:4:   layout_long_grid, dpeg_slime_entry_enclosed
Lair:5:   hellmonk_lair_end_abyssal_woods, layout_misc_corridors,
          portal_ice_cave_entry_pillars_1, nzn_masters_of_martial_movement

Skill      XL: |  1  2  3  4  5  6  7  8  9 10 11 12 13 14 |
---------------+-------------------------------------------+-----
Earth Magic    | 4 5 6 7 8 10 11 13 15 16 | 16.0
Conjurations   | 2 3 4 5 6 8 10 12 13 14 15 | 15.2
Spellcasting   | 3 4 5 6 7 9 10 11 12 13 | 13.2
Fighting       | 5 7 |  7.2
Fire Magic     | 4 6 |  6.6
Air Magic      | 3 |  3.5
Dodging        | |  1.5
Stealth        | |  2.1

Action                     |  1- 3 |  4- 6 |  7- 9 | 10-12 | 13-15 || total
---------------------------+-------+-------+-------+-------+-------++-------
  Melee: Unarmed           |     2 |       |       |       |       ||     2
         Dagger            |    11 |    20 |    29 |    31 |    71 ||   162
   Cast: Sandblast         |    53 |    60 |   189 |   140 |   111 ||   553
         Stone Arrow       |       |     1 |    15 |   129 |    84 ||   229
         Arcjolt           |       |       |       |    79 |    46 ||   125
         Lee's Rapid Decon |       |       |       |     9 |    22 ||    31
         Starburst         |       |       |       |       |    72 ||    72
    Use: Potion            |       |       |     1 |     2 |     2 ||     5
         Scroll            |       |       |       |    22 |     2 ||    24
 Armour: Robe              |    18 |    22 |   105 |       |       ||   145
         Acid dragon scale |       |       |       |   353 |   406 ||   759
         Steam dragon scal |       |       |       |     5 |       ||     5
  Dodge: Dodged            |    14 |    28 |    79 |   241 |   251 ||   613

Table legend: (Time is in decaauts)
 A = Elapsed time spent in this place.
 B = Non-inter-level travel time spent in this place.
 C = Inter-level travel time spent in this place.
 D = Time resting spent in this place.
 E = Time spent auto-exploring this place.
 F = Levels seen in this place.
 G = Mean time per level.
                   A        B        C        D        E       F      G
               +--------+--------+--------+--------+--------+-----+--------+
         Total |  23066 |  22403 |    663 |   7729 |  10528 |  20 | 1153.3 |
       Dungeon |  13253 |  12757 |    496 |   3018 |   7557 |  12 | 1104.4 |
        Temple |      1 |      1 |      0 |      0 |      0 |   1 |    1.0 |
          Lair |   7482 |   7315 |    167 |   3730 |   2373 |   5 | 1496.4 |
         Sewer |    651 |    651 |      0 |      0 |    510 |   1 |  651.0 |
      Ice Cave |   1677 |   1677 |      0 |    980 |     87 |   1 | 1677.0 |
               +--------+--------+--------+--------+--------+-----+--------+

Top non-repeatable levels by time:
  Lair:3: 2120 daAuts
    D:10: 2036 daAuts
  Lair:4: 1929 daAuts
     D:9: 1743 daAuts
   IceCv: 1677 daAuts
    D:11: 1666 daAuts
     D:2: 1598 daAuts
  Lair:1: 1547 daAuts
  Lair:2: 1437 daAuts
     D:1: 1137 daAuts
     D:5: 1038 daAuts
     D:7: 904 daAuts
     D:3: 818 daAuts
     D:4: 814 daAuts
     D:8: 748 daAuts
